cohdb
Replays
Latest Replays
All Replays
Popular Replays
Top Player Replays
Match Explorer
How It Works
Community
CoH3 Stats
Reddit
Sign in to upload your games and track your stats! →
Sign in with Steam
Match 39009276
Unlisted
Match 39009276
Overview
Messages
Build Orders
End
Pioneer Squad
Construct Infanterie Kompanie
Grenadier Squad
Grenadier Squad
Grenadier Squad
Infanterie Officer Quarters
Selects Mechanized Battlegroup
Construct Panzergrenadier Kompanie
Pak 40 Anti-tank Gun Team
Panzergrenadier Squad
Panzergrenadier Officer Quarters
MG 42 Machine Gun Team
Selects Raid Package
Selects StuG Assault Group
StuG Assault Group
Medical Bunker
Selects UNKNOWN (2160084)
Pak 40 Anti-tank Gun Team
Construct Panzer Kompanie
Selects Spotting Scopes
Selects Wespe Self-propelled Artillery
Panther Heavy Tank
Selects Mechanized Assault
Panther Heavy Tank
Mechanized Assault
Panzer Officer Quarters
Side Skirts
Mechanized Assault
Sturmpanzer IV Brummbär
Riftwalker
只愛❤毛妹
0
0
Comments
sign in to comment!
No comments posted yet!